 Dungeon Crawl Stone Soup version 0.30-a0-1053-gbd8d5ba0ad (webtiles) character file.

Game seed: 10030786800630397450

23 jimonade the Magician (level 3, -1/28 HPs)
             Began as a Djinni Warper on Apr 11, 2023.
             Slain by Terence
             ... wielding a +0 flail of holy wrath
              (4 damage)
             ... on level 2 of the Dungeon.
             The game lasted 00:01:24 (812 turns).

jimonade the Magician (Djinni Warper)                Turns: 812, Time: 00:01:24

Health: -1/28      AC:  6    Str: 12    XL:     3   Next: 10%
Gold:   56         EV:  9    Int: 14    God:
                   SH:  0    Dex: 12

rFire   + + .      SeeInvis .    a - +0 spear
rCold   x . .      Faith    .    (no shield)
rNeg    . . .      Spirit   .    g - +0 scale mail
rPois   ∞          Reflect  .    (no helmet)
rElec   .          Rampage  .    (no cloak)
rCorr   .                        (no gloves)
Will    .....                    (boots unavailable) Stlth
                                 (no amulet)
HPRegen 0.24/turn                (no ring)
MPRegen 0.00/turn                (no ring)

@: flying
A: sickness immunity, fire resistance 2, cold vulnerability 1, float, innate
caster, HP casting, extra vitality 1
a: no special abilities


You were on level 2 of the Dungeon.
You visited 1 branch of the dungeon, and saw 2 of its levels.

You collected 56 gold pieces.

Inventory:

Hand Weapons
 a - a +0 spear (weapon)
 i - a +0 dagger
 j - a +0 flail
 k - a +0 whip
 l - a +0 mace
Missiles
 d - 7 boomerangs of dispersal (quivered)
 n - 8 stones
Armour
 b - a +0 leather armour
 g - a +0 scale mail (worn)
Scrolls
 c - 2 scrolls of blinking
 e - 2 scrolls of amnesia {unknown}
Potions
 f - 2 potions of curing {unknown}
 h - a potion of lignification {unknown}
 m - a potion of resistance {unknown}


   Skills:
 + Level 2.2 Fighting
 - Level 1.5 Polearms
 - Level 0.7 Throwing
 - Level 1.0 Armour
 - Level 2.1 Dodging
 + Level 3.1 Spellcasting


You knew the following spells:

 Your Spells              Type           Power      Damage    Failure   Level
a - Blink                 Tloc           20%        N/A       43%         2
b - Lesser Beckoning      Tloc           20%        N/A       43%         2
c - Vhi's Electric Charg  Tloc/Air       20%        N/A       67%         3
d - Teleport Other        Tloc           10%        N/A       67%         3
e - Manifold Assault      Tloc           10%        N/A       97%         4
f - Summon Small Mammal   Summ           40%        N/A       32%         1
Your spell library was empty.

Dungeon Overview and Level Annotations

Branches:
Dungeon (2/15)

Altars:

Annotations:
D:2 Terence


Innate Abilities, Weirdness & Mutations

You are immune to sickness and miasma.
You are immune to poison.
Your flesh is very heat resistant. (rF++)
You are vulnerable to cold. (rC-)
You float through the air rather than walking.
You learn spells naturally, not from books.
Your magical power is your life essence.
You have superior vitality. (+4 MHP)


Message History

You hit Terence but do no damage. Terence barely misses you.
The frilled lizard bites you.
You hit Terence.
Terence is lightly wounded.
Terence zaps a wand.
The puff of flame hits you but does no damage.
You resist.
The frilled lizard unfolds its giant frill.
The frilled lizard bites you.
You hit Terence but do no damage.
Terence is lightly wounded.
Terence zaps a wand.
The puff of flame hits you. You resist.
* * * LOW HITPOINT WARNING * * *
The frilled lizard bites you but does no damage.
You hit Terence.
Terence is moderately wounded.
Terence barely misses you. The frilled lizard barely misses you.
You hit Terence but do no damage.
Terence is moderately wounded.
Terence barely misses you.
The frilled lizard bites you but does no damage.
You hit Terence but do no damage.
Terence is moderately wounded.
Terence hits you with a +0 flail of holy wrath.
* * * LOW HITPOINT WARNING * * *
The frilled lizard bites you but does no damage.
You hit Terence.
Terence is heavily wounded.
Terence shouts, "ATTACK!!!"
Terence hits you with a +0 flail of holy wrath.
* * * LOW HITPOINT WARNING * * *
The frilled lizard barely misses you.
You hit Terence but do no damage.
Terence is heavily wounded.
Terence closely misses you. The frilled lizard bites you.
* * * LOW HITPOINT WARNING * * *
You barely miss Terence.
Terence is heavily wounded.
Terence hits you with a +0 flail of holy wrath.
You die...

.... ... ..# ..#
#.#####.# ....
#.#.....#######
....
#.#....@l......
..... #.# ###@###
..... #.# #.....#
......#.###.#.#.#
......#.#...#.#.#
.................>#
......#.#.....#.#.#
##### #.#######.#.#
####.#######.# #
#.......†...<#


You could see Terence and a frilled lizard.

Vanquished Creatures
  A dart slug (D:1)
  An endoplasm (D:1)
  4 hobgoblins (D:1)
  A quokka (D:2)
  4 ball pythons (D:1)
  3 bats (D:1)
  3 frilled lizards (D:1)
  3 rats (D:1)
20 creatures vanquished.

Notes
Turn   | Place    | Note
-------+----------+-------------------------------------------
     0 | D:1      | jimonade the Djinni Warper began the quest for the Orb.
     0 | D:1      | jimonade set off with the following spells memorised:
                  | Blink, Lesser Beckoning, Vhi's Electric Charge, Teleport
                  | Other, Manifold Assault.
     0 | D:1      | Reached XP level 1. HP: 18/18 MP: 0/0
   194 | D:1      | Reached XP level 2. HP: 23/23 MP: 0/0
   423 | D:1      | Reached skill level 3 in Spellcasting
   558 | D:1      | Reached XP level 3. HP: 28/28 MP: 0/0
   558 | D:1      | Learned a level 1 spell: Summon Small Mammal
   797 | D:2      | Noticed Terence
   812 | D:2      | Slain by Terence

Illustrated notes

Levels and vault maps discovered:
D:1:      dpeg_arrival_tiny_k, layout_loops_ring, nrook_loot_triangle
D:2:      layout_basic, uniq_terence

Skill      XL: |  1  2 |
---------------+-------+-----
Spellcasting   | 3 |  3.1
Fighting       | |  2.2
Polearms       | |  1.5
Throwing       | |  0.7
Armour         | |  1.0
Dodging        | |  2.1

Action                     || total
---------------------------++-------
  Melee: Spear             ||    71
   Stab: Sleeping          ||     1
 Armour: Leather armour    ||    12
         Scale mail        ||    14
  Dodge: Dodged            ||    27

Table legend: (Time is in decaauts)
 A = Elapsed time spent in this place.
 B = Non-inter-level travel time spent in this place.
 C = Inter-level travel time spent in this place.
 D = Time resting spent in this place.
 E = Time spent auto-exploring this place.
 F = Levels seen in this place.
 G = Mean time per level.
                   A        B        C        D        E       F      G
               +--------+--------+--------+--------+--------+-----+--------+
         Total |    813 |    757 |     56 |      0 |    570 |   2 |  406.5 |
       Dungeon |    813 |    757 |     56 |      0 |    570 |   2 |  406.5 |
               +--------+--------+--------+--------+--------+-----+--------+

Top non-repeatable levels by time:
     D:1: 774 daAuts
     D:2: 39 daAuts
